 Dungeon Crawl Stone Soup version 0.20.0-8-g6b59dc7 (webtiles) character file.

143 vatarom the Poker (level 5, -1/41 HPs)
             Began as a Formicid Abyssal Knight on June 1, 2017.
             Was a Believer of Lugonu.
             Slain by a scorpion (2 damage)
             ... on level 4 of the Dungeon.
             The game lasted 00:07:30 (3359 turns).

vatarom the Poker (Formicid Abyssal Knight)         Turns: 3359, Time: 00:07:32

Health: -1/41      AC:  4    Str: 15 (16) XL:     5   Next: 50%
Magic:  6/6        EV: 12    Int:  9 (12) God:    Lugonu [**....]
Gold:   169        SH:  0    Dex:  8 (11) Spells: 4/4 levels left

rFire    + . .     SeeInvis +   a - +1 spear
rCold    . . .     Gourm    .   (no shield)
rNeg     . . .     Faith    .   b - +0 leather armour
rPois    .         Spirit   .   (helmet unavailable)
rElec    .         Reflect  .   (no cloak)
rCorr    .         Harm     .   (no gloves)
MR       .....                  e - +0 pair of boots
Stlth    +.........             (no amulet)
Regen    0.2/turn               h - ring of protection from fire
MPRegen  0.1/turn               (no ring)

@: lethally poisoned (-1 -> -8), flying
A: permanent stasis, dig shafts and tunnels, four strong arms, antennae 3
a: Dig, Shaft Self, Depart the Abyss, Bend Space, Renounce Religion


You were on level 4 of the Dungeon.
You worshipped Lugonu.
Lugonu was pleased with you.
You were not hungry.

You visited 1 branch of the dungeon, and saw 4 of its levels.
You visited the Abyss 1 time.

You collected 169 gold pieces.

Inventory:

Hand Weapons
 a - a +1 spear (weapon)
Armour
 b - a +0 leather armour (worn)
 e - a +0 pair of boots (worn)
Jewellery
 h - a ring of protection from fire (left hand)
Scrolls
 d - 2 scrolls of identify
 i - a scroll of fog
 j - 4 scrolls of remove curse
 m - a scroll of recharging
 n - 2 scrolls of immolation
 o - a scroll of fear {unknown}
Comestibles
 c - 2 bread rations
 g - 2 meat rations
 k - a royal jelly
 q - 3 fruits


   Skills:
 - Level 3.2 Fighting
 + Level 3.6 Polearms
 - Level 2.1 Armour
 - Level 3.4 Dodging
 - Level 2.1 Invocations


You had 4 spell levels left.
You didn't know any spells.

Dungeon Overview and Level Annotations

Branches:
Dungeon (4/15)
 Temple: D:4-7

Altars:
Makhleb
Okawaru
Trog
Zin

Annotations:
D:2 Terence


Innate Abilities, Weirdness & Mutations

You cannot be hasted, slowed, berserked, paralysed or teleported.
You can dig through walls and to a lower floor.
Your four strong arms can wield two-handed weapons with a shield.
You have a pair of large antennae on your head. (SInv)


Message History

Aim: a scorpion (severely wounded)
You closely miss the scorpion.
The scorpion is severely wounded.
* * * LOW HITPOINT WARNING * * *
You feel sick. The scorpion stings you.
* * * LOW HITPOINT WARNING * * *
Attack whom?
Press: ? - help, Dir - move target cursor, f/p - scorpion
Aim: a scorpion (severely wounded)
You hit the scorpion but do no damage.
The scorpion is severely wounded.
* * * LOW HITPOINT WARNING * * *
You feel sick.
Unknown command.
Unknown command.
Unknown command.
You closely miss the scorpion.
The scorpion is severely wounded.
The scorpion stings you.
You die...

#######
#.....#
#.>...##..
#<@s......
#.....##.?
#.....#
######...
#.# #


You could see a scorpion.

Vanquished Creatures
  An iguana (D:3)
  5 adders
  2 worms
  2 dart slugs
  2 leopard geckos
  An orc (D:3)
  A giant cockroach (D:2)
  4 goblins
  9 hobgoblins
  4 jackals (D:3)
  10 kobolds
  10 bats
  5 frilled lizards (D:2)
  6 rats
62 creatures vanquished.

Notes
Turn   | Place    | Note
-------+----------+-------------------------------------------
     0 | Abyss:1  | vatarom the Formicid Abyssal Knight began the quest for the Orb.
     0 | Abyss:1  | Reached XP level 1. HP: 18/18 MP: 2/2
    10 | D:1      | Escaped the Abyss
    57 | D:1      | Reached skill level 1 in Dodging
   169 | D:1      | Reached XP level 2. HP: 22/24 MP: 3/3
   495 | D:1      | You fall through a shaft!
   514 | D:2      | Reached XP level 3. HP: 15/29 MP: 4/4
   680 | D:2      | Reached ** piety under Lugonu
   736 | D:2      | Noticed Terence
  1322 | D:1      | Reached XP level 4. HP: 23/35 MP: 5/5
  1577 | D:2      | Found a burning altar of Makhleb.
  1790 | D:2      | Found a glowing silver altar of Zin.
  1790 | D:2      | Found a bloodstained altar of Trog.
  2295 | D:3      | HP: 1/35 [iguana (7)]
  2296 | D:3      | Reached XP level 5. HP: 1/41 MP: 6/6
  2862 | D:3      | Found an iron altar of Okawaru.
  3357 | D:4      | HP: 2/41 [scorpion (6)]
  3359 | D:4      | Slain by a scorpion

Skill      XL: |  1  2  3  4 |
---------------+-------------+-----
Dodging        | 1 2 3 |  3.4
Polearms       | 3 |  3.6
Fighting       | |  3.2
Armour         | |  2.1
Invocations    | |  2.1

Action                   |  1- 3 |  4- 6 || total
-------------------------+-------+-------++-------
Melee: Spear             |   128 |   157 ||   285
 Abil: Dig               |       |     1 ||     1
  Use: Scroll            |     3 |     3 ||     6
       Potion            |     2 |     5 ||     7
 Stab: Sleeping          |       |     2 ||     2
  Eat: Chunk             |       |     4 ||     4
       Bread ration      |       |     1 ||     1
Armor: Leather armour    |    26 |    39 ||    65
Dodge: Dodged            |    83 |    71 ||   154
